 Dungeon Sprint DCSS version 0.30-a0-458-g86641cc369 (webtiles) character file.

Game seed: 8180068937549604922

416589 jt the Sorcerer (level 17, 97/97 HPs)
             Began as a Felid Summoner on Dec 14, 2022.
             Was an Initiate of Gozag.
             Escaped with the Orb!
             The game lasted 02:03:09 (14620 turns).

jt the Sorcerer (Felid Summoner)                   Turns: 14620, Time: 02:03:10

Health: 97/97      AC:  3    Str:  6    XL:     17   Next: 22%
Magic:  47/47      EV: 33    Int: 26    God:    Gozag
Gold:   6724       SH:  0    Dex: 15    Spells: 5/67 levels left
                                        Lives:  2   Deaths: 2

rFire   + + .      SeeInvis +      - Unarmed
rCold   + + .      Faith    +    (shield unavailable)
rNeg    + + .      Spirit   .    (body armour unavailable)
rPois   .          Reflect  .    (helmet unavailable)
rElec   +          Harm     .    (cloak unavailable)
rCorr   .          Rampage  .    (gloves unavailable)
Will    ++...      NoTele   +    (boots unavailable)
Stlth   +++.......               O - amulet "Dublair" {Faith rF++}
HPRegen 0.36/turn                p - ring of Daumpyen {rElec rC+ Int+6 Dex-4}
MPRegen 0.30/turn                Y - ring of Free Will {rN++ Slay+5}

@: bribing [the Dungeon], quick
A: very small, claws 1, fangs 3, see invisible, speed 1, shaggy fur 3, stealthy
paws, no weapons or thrown items, no armour, multi-lived
0: Orb of Zot
a: Renounce Religion, Potion Petition, Call Merchant, Bribe Branch


You escaped.
You worshipped Gozag.
Gozag was greatly pleased with you.
You visited 1 branch You collected 34819 gold pieces.
You spent 4641 gold pieces at shops.
You paid 23454 gold pieces to Gozag.

Inventory:

Jewellery
 a - a ring of wizardry
 p - the ring of Daumpyen (left paw) {rElec rC+ Int+6 Dex-4}
   (You found it in the Dungeon)

   [ring of intelligence]

   Int:       It affects your intelligence (+6).
   Dex:       It affects your dexterity (-4).
   rC:        It protects you from cold.
   rElec:     It insulates you from electricity.
 v - the ring of Xoets {rElec rC+}
   (You found it in the Dungeon)

   [ring of protection from cold]

   rC:        It protects you from cold.
   rElec:     It insulates you from electricity.
 x - an amulet of regeneration
 y - the ring "Nolidgh" {Contam rC+ rN+ Slay+3}
   (You found it in the Dungeon)

   [ring of positive energy]

   Slay:      It affects your accuracy & damage with ranged weapons and melee
   (+3).
   rC:        It protects you from cold.
   rN:        It protects you from negative energy.
   Contam:    It causes magical contamination when unequipped.
 A - the ring "Acriaq" {Fire Str+2}
   (You found it in the Dungeon)

   [ring of fire]

   It enhances your fire magic.
   Str:       It affects your strength (+2).
   rF:        It protects you from fire.
   rC:        It makes you vulnerable to cold.
 C - the ring of Oruwn {rPois rF+ Will- Dex+8 SInv}
   (You found it in the Dungeon)

   [ring of protection from fire]

   Dex:       It affects your dexterity (+8).
   rF:        It protects you from fire.
   rPois:     It protects you from poison.
   SInv:      It lets you see invisible.
   Will:      It decreases your willpower.
 D - the ring "Moefuom Iniv" {Fire Str+3 Int+2}
   (You found it in the Dungeon)

   [ring of fire]

   It enhances your fire magic.
   Str:       It affects your strength (+3).
   Int:       It affects your intelligence (+2).
   rF:        It protects you from fire.
   rC:        It makes you vulnerable to cold.
 E - the ring "Burchad" {Ice *Corrode Fly Will++ MP+9}
   (You found it in the Dungeon)

   [ring of ice]

   It enhances your ice magic.
   rF:        It makes you vulnerable to fire.
   rC:        It protects you from cold.
   MP:        It affects your magic capacity (+9).
   Fly:       It grants you flight.
   *Corrode:  It may corrode you when you take damage.
   Will:      It greatly increases your willpower.
 F - the ring "Hesenefa" {rF+ rC+ rN+}
   (You found it in the Dungeon)

   [ring of positive energy]

   rF:        It protects you from fire.
   rC:        It protects you from cold.
   rN:        It protects you from negative energy.
 J - the ring of Ennioqo {rElec Will+ Str+6 Dex+4 Stlth-}
   (You found it in the Dungeon)

   [ring of strength]

   Str:       It affects your strength (+6).
   Dex:       It affects your dexterity (+4).
   rElec:     It insulates you from electricity.
   Will:      It increases your willpower.
   Stlth:     It makes you less stealthy.
 M - the ring "Uffy" {rPois rF++ rN+ Will- Dex-4}
   (You found it in the Dungeon)

   [ring of poison resistance]

   Dex:       It affects your dexterity (-4).
   rF:        It greatly protects you from fire.
   rPois:     It protects you from poison.
   rN:        It protects you from negative energy.
   Will:      It decreases your willpower.
 N - the ring of Moral Flaws {Will- Int-5 Dex+9 Slay+5}
   (You found it in the Dungeon)

   [ring of slaying]

   Int:       It affects your intelligence (-5).
   Dex:       It affects your dexterity (+9).
   Slay:      It affects your accuracy & damage with ranged weapons and melee
   (+5).
   Will:      It decreases your willpower.
 O - the amulet "Dublair" (around neck) {Faith rF++}
   (You found it in the Dungeon)

   [amulet of faith]

   It allows you to gain divine favour quickly.
   rF:        It greatly protects you from fire.
 P - the ring "Kiplis" {rPois rC+ Str-3 Dex+4 Slay+5}
   (You found it in the Dungeon)

   [ring of slaying]

   Str:       It affects your strength (-3).
   Dex:       It affects your dexterity (+4).
   Slay:      It affects your accuracy & damage with ranged weapons and melee
   (+5).
   rC:        It protects you from cold.
   rPois:     It protects you from poison.
 Q - the ring of Arrival {Will- Int+2 Slay+4 SInv Stlth+}
   (You found it in the Dungeon)

   [ring of see invisible]

   Int:       It affects your intelligence (+2).
   Slay:      It affects your accuracy & damage with ranged weapons and melee
   (+4).
   SInv:      It lets you see invisible.
   Will:      It decreases your willpower.
   Stlth:     It makes you more stealthy.
 R - the amulet "Inobes" {Reflect rElec Int-4 Dex+3 SH+5}
   (You found it in the Dungeon)

   [amulet of reflection]

   It reflects blocked missile attacks.
   Int:       It affects your intelligence (-4).
   Dex:       It affects your dexterity (+3).
   rElec:     It insulates you from electricity.
   SH:        It affects your SH (+5).
 S - the ring "Gaurphil" {Fire Str+2 Stlth+}
   (You found it in the Dungeon)

   [ring of fire]

   It enhances your fire magic.
   Str:       It affects your strength (+2).
   rF:        It protects you from fire.
   rC:        It makes you vulnerable to cold.
   Stlth:     It makes you more stealthy.
 T - the amulet "Wifom" {Faith rElec Dex+7}
   (You found it in the Dungeon)

   [amulet of faith]

   It allows you to gain divine favour quickly.
   Dex:       It affects your dexterity (+7).
   rElec:     It insulates you from electricity.
 U - the ring "Marpher" {rCorr Str+2 Int-3 Slay+5}
   (You found it in the Dungeon)

   [ring of slaying]

   Str:       It affects your strength (+2).
   Int:       It affects your intelligence (-3).
   Slay:      It affects your accuracy & damage with ranged weapons and melee
   (+5).
   rCorr:     It protects you from acid and corrosion.
 V - the amulet of Crawling {Reflect Rampage Dex+3 SH+5}
   (You found it in the Dungeon)

   [amulet of reflection]

   It reflects blocked missile attacks.
   Dex:       It affects your dexterity (+3).
   SH:        It affects your SH (+5).
   Rampage:   It bestows one free step when moving towards enemies.
 W - the amulet "Eloup Lio" {Reflect Harm rElec Slay+2 SH+5}
   (You found it in the Dungeon)

   [amulet of reflection]

   It reflects blocked missile attacks.
   Slay:      It affects your accuracy & damage with ranged weapons and melee
   (+2).
   rElec:     It insulates you from electricity.
   SH:        It affects your SH (+5).
   Harm:      It increases damage dealt and taken.
 X - the amulet of Omyax {Faith Will++ Dex+4}
   (You found it in the Dungeon)

   [amulet of faith]

   It allows you to gain divine favour quickly.
   Dex:       It affects your dexterity (+4).
   Will:      It greatly increases your willpower.
 Y - the ring of Free Will (right paw) {rN++ Slay+5}
   (You found it in the Dungeon)

   [ring of slaying]

   Slay:      It affects your accuracy & damage with ranged weapons and melee
   (+5).
   rN:        It greatly protects you from negative energy.
 Z - the ring of Ru's Regard {rPois rC+ Will++}
   (You found it in the Dungeon)

   [ring of protection from cold]

   rC:        It protects you from cold.
   rPois:     It protects you from poison.
   Will:      It greatly increases your willpower.
Wands
 f - a wand of roots (6)
 n - a wand of flame (6)
 r - a wand of digging (6)
 L - a wand of polymorph (6)
Scrolls
 g - 4 scrolls of fog
 h - 4 scrolls of amnesia
 i - a scroll of silence
 j - 4 scrolls of vulnerability
 l - a scroll of summoning
 t - 2 scrolls of fear
 u - 4 scrolls of identify
 w - 2 scrolls of blinking
Potions
 b - 19 potions of curing
 c - 23 potions of heal wounds
 d - 7 potions of haste
 e - 5 potions of berserk rage
 k - 6 potions of brilliance
 m - a potion of might
 o - 2 potions of lignification
 q - 10 potions of mutation
 s - 3 potions of resistance
 z - a potion of attraction
 B - a potion of flight
 K - 4 potions of magic


   Skills:
 + Level 22.9 Fighting
 - Level 24.1 Dodging
 - Level 18.0 Stealth
 - Level 14.9 Unarmed Combat
 + Level 25.5 Spellcasting
 - Level 19.1 Hexes
 - Level 17.5 Summonings
 - Level 12.8 Necromancy
 - Level 5.0 Translocations
 + Level 21.9 Transmutations
 - Level 10.1 Air Magic
 - Level 11.5 Earth Magic
 - Level 5.0 Evocations


You had 5 spell levels left.
You knew the following spells:

 Your Spells              Type           Power      Damage    Failure   Level
a - Summon Mana Viper     Hex/Summ       91%        N/A       0%          5
b - Monstrous Menagerie   Summ           45%        N/A       1%          7
c - Summon Forest         Summ/Tloc      37%        N/A       1%          5
d - Summon Guardian Gole  Hex/Summ       91%        N/A       0%          3
e - Summon Lightning Spi  Summ/Air       81%        N/A       1%          4
f - Anguish               Hex/Necr       43%        N/A       0%          4
g - Borgnjor's Vile Clut  Necr/Erth      38%        N/A       1%          5
h - Blink                 Tloc           100%       N/A       1%          2
i - Enfeeble              Hex            46%        N/A       1%          7
j - Yara's Violent Unrav  Hex/Tmut       48%        3d19      0%          5
k - Passage of Golubria   Tloc           56%        N/A       1%          4
l - Storm Form            Tmut/Air       43%        N/A       1%          7
m - Manifold Assault      Tloc           56%        N/A       1%          4

Your spell library contained the following spells:

 Spells                   Type           Power      Damage    Failure   Level
 Necrotise                Necr           100%       1d9       0%          1
 Summon Small Mammal      Summ           100%       N/A       0%          1
 Call Imp                 Summ           90%        N/A       0%          2
 Sublimation of Blood     Necr           79%        N/A       0%          2
 Call Canine Familiar     Summ           90%        N/A       0%          3
 Tukima's Dance           Hex            93%        N/A       0%          3
 Vampiric Draining        Necr           79%        2d11      0%          3
 Blade Hands              Tmut           49%        N/A       0%          5
 Foxfire                  Conj/Fire      100%       2x1d9     1%          1
 Cigotuvi's Dreadful Rot  Necr/Pois/Air  100%       N/A       1%          2
 Momentum Strike          Conj/Tloc      92%        3d10      1%          2
 Poisonous Vapours        Pois/Air       100%       N/A       1%          2
 Gell's Gravitas          Tloc           56%        N/A       1%          3
 Ignite Poison            Fire/Tmut/Pois 63%        N/A       1%          3
 Kindle Blastsparks       Fire/Tloc/Air  100%       2d18      1%          3
 Lesser Beckoning         Tloc           100%       N/A       1%          3
 Teleport Other           Tloc           56%        N/A       1%          3
 Dispel Undead            Necr           79%        3d26      1%          4
 Ice Form                 Ice/Tmut       74%        N/A       1%          4
 Summon Ice Beast         Ice/Summ       68%        N/A       1%          4
 Agony                    Necr           79%        N/A       1%          5
 Alistair's Intoxication  Tmut/Pois      49%        N/A       1%          5
 Freezing Cloud           Conj/Ice/Air   25%        6-21      6%          5
 Olgreb's Toxic Radiance  Pois           33%        N/A       10%         4
 Sticky Flame             Conj/Fire      33%        2d5       10%         4
 Fireball                 Conj/Fire      16%        3d8       26%         5
 Iskenderun's Battlesphe  Conj           33%        2d9       26%         5
 Death Channel            Necr           39%        N/A       1%          6
 Eringya's Noxious Bog    Tmut/Pois      37%        N/A       1%          6
 Summon Cactus Giant      Summ           45%        N/A       1%          6
 Summon Hydra             Summ           45%        N/A       1%          7
 Necromutation            Tmut/Necr      44%        N/A       4%          8
 Summon Horrible Things   Summ           45%        N/A       4%          8
 Malign Gateway           Summ/Tloc      37%        N/A       8%          7
 Conjure Ball Lightning   Conj/Air       28%        3x3d9     19%         6
 Dispersal                Tloc           28%        N/A       19%         6
 Starburst                Conj/Fire      16%        6d6       82%         6
 Orb of Destruction       Conj           16%        9d7       100%        7
 Ignition                 Fire           16%        3d7       100%        8
 Polar Vortex             Ice            16%        N/A       100%        9
 Portal Projectile        Hex/Tloc       Unusable   N/A       N/A         3
 Simulacrum               Ice/Necr       Unusable   N/A       N/A         6

Dungeon Overview and Level Annotations

Branches:
Dungeon (1/1)

Altars:
Ashenzari
Cheibriados
Dithmenos
Elyvilon
Fedhas
Gozag
Hepliaklqana
Kikubaaqudgha
Makhleb
Nemelex Xobeh
Okawaru
Qazlal
Ru
Sif Muna
Trog
Uskayaw
Vehumet
Wu Jian
Xom
Yredelemnul
Zin
The Shining One
Jiyva
Lugonu

Shops:
D !*=?***::!

Annotations:
D Frederick


Innate Abilities, Weirdness & Mutations

You have sharp claws.
You have razor-sharp teeth.
You have supernaturally acute eyesight. (SInv)
You cover ground quickly. (Speed+)
Your thick and shaggy fur keeps you warm. (AC +3, rC+)
Your paws help you pounce on unaware monsters.
You are incapable of wielding weapons or throwing items.
You cannot wear armour.
You gain extra lives every three experience levels.


Message History

You swap places.
You now have 6535 gold pieces (gained 711).
You swap places.
You now have 6670 gold pieces (gained 135).
You now have 6724 gold pieces (gained 54).
You see here a +8 club.
You swap places.
Your extra speed is starting to run out.
You see here the Orb of Zot.
You pick up the Orb of Zot!
The Orb lets out a hideous shriek!
The lords of Pandemonium are not amused.
Beware!
Now all you have to do is get back out of the dungeon!
You feel yourself slow down.
There is a huge open gate to the Final Vault (Nightmare!), spattered with blood here.
Things that are here:
a +3 whip of holy wrath; a +0 robe; a +0 battleaxe of freezing
There is a huge open gate to the Final Vault (Nightmare!), spattered with blood here.
There is a huge open gate to the Vestibule (Extremely Hard) here.
There is a huge open gate to the Vestibule (Extremely Hard) here.
Magic restored.
You see here a +0 scimitar.
Your transformation is almost over.
You see here a +0 long sword.
HP restored.
There is a huge open gate to the Grid Vault (Hard) here.
Things that are here:
a +0 buckler; a +0 robe; a +3 quick blade of draining
There is a huge open gate to the Main Hall (Safe), spattered with blood here.
You see here a +1 great sword of flaming.
Your transformation has ended.
Things that are here:
a +0 plate armour; a +2 vorpal demon blade
Things that are here:
a +0 plate armour; a +1 great mace
There is an entrance to Erchytsul's General Store here.
There is a huge open gate to the Grid Vault (Hard), spattered with blood here.
There is a huge open gate to the Grid Vault (Hard), spattered with blood here.
There is an open door to the Entrance Hall (Safe) here.
There is a staircase leading out of the dungeon here.
You have escaped!

##########.##..[......∩..[...''..
#)..)...[......[=..[[........''..
#'#####'#####......#..#......##..
#.#.)#..#).##.)..X.)∩........##..
#.#).'..'..#####'#####''#########
#.##'####'###...X...##''#########
#.#...)....##.......##..#.....∩..
#.#........##...&*..##..##.......
#.#####'#####...@*..##..####...#'
#.#...)))[.##.......##.)#..#####.
#[#...)))[.##.......##.[#....##..
#'###########.......##.[).....#..
#.......#..###########..'.....'.[
#..###..#.############..'.....#..
#.......#.#....#..[[##..#....##.)
##.###.##)#....#..[[##..#..#####)
#.......#.'....'..))##..####...#)


You could see the friendly Ytatz, 2 friendly orbs of fire and 2 friendly Orb
Guardians.

Vanquished Creatures
  An ancient lich (D)
  A pearl dragon (D)
  An electric golem (D)
  2 tentacled monstrosities (D)
  A deep elf master archer (D)
  2 Orb Guardians (D)
  A titan (D)
  Frances (D)
  2 storm dragons (D)
  2 shadow dragons (D)
  A frost giant (D)
  A ghost moth (D)
  2 iron dragons (D)
  An orc warlord (D)
  A spriggan defender (D)
  A draconian annihilator (D)
  A deep elf annihilator (D)
  A yellow draconian (D)
  2 red draconians (D)
  A hell beast (D)
  An ice dragon (D)
  A spriggan berserker (D)
  A soul eater (D)
  2 sun demons (D)
  A deep elf knight (D)
  A sixfirhy (D)
  A wizard (D)
  An orc knight (D)
  A merfolk siren (D)
  A naga mage (D)
  A yaktaur (D)
  A merfolk (D)
  A hornet (D)
  A wind drake (D)
  A dream sheep (D)
  An air elemental (D)
  An acid dragon (D)
  2 floating eyes (D)
  An orc warrior (D)
  A gnoll (D)
  A river rat (D)
  2 ufetubi (D)
  A worm (D)
  2 goblins (D)
  5 jackals (D)
  A bat simulacrum (D)
  A rat (D)
61 creatures vanquished.

Vanquished Creatures (collateral kills)
  An ancient lich (D)
  3 pandemonium lords (D)
  Xtahua (D)
  A golden dragon (D)
  Jory (D)
  2 pearl dragons (D)
  2 Hell Sentinels (D)
  A deep elf blademaster (D)
  A lich (D)
  8 Orb Guardians (D)
  3 titans (D)
  2 deep elf master archers (D)
  A quicksilver dragon (D)
  A death cob (D)
  An Executioner (D)
  2 sphinxes (D)
  2 shadow dragons (D)
  Gastronok (D)
  A storm dragon (D)
  A draconian monk (D)
  A nagaraja (D)
  2 daevas (D)
  2 fire giants (D)
  An iron dragon (D)
  4 deep elf sorcerers (D)
  3 frost giants (D)
  A balrug (D)
  A spriggan defender (D)
  2 ghost moths (D)
  2 draconian stormcallers (D)
  A reaper (D)
  2 ghouls (D)
  2 angels (D)
  An ophan (D)
  2 lorocyprocas (D)
  An apis (D)
  2 deep elf demonologists (D)
  A dire elephant (D)
  A green draconian (D)
  4 deep elf annihilators (D)
  2 red draconians (D)
  2 yellow draconians (D)
  A black draconian (D)
  A green death (D)
  A mummy priest (D)
  An ettin (D)
  A blizzard demon (D)
  A merfolk javelineer (D)
  A yaktaur captain (D)
  A deep elf high priest (D)
  2 fire dragons (D)
  A vault guard (D)
  An ogre mage (D)
  A merfolk avatar (D)
  2 two-headed ogres (D)
  A hell beast (D)
  A naga warrior (D)
  A dancing weapon (D)
  An alligator (D)
  A centaur warrior (D)
  3 vampire magi (D)
  5 death yaks (D)
  2 sun demons (D)
  5 hell knights (D)
  A fire crab (D)
  An iron troll (D)
  A sixfirhy (D)
  A cherub (D)
  A sea snake (D)
  A bog body (D)
  A phantasmal warrior (D)
  A wizard (D)
  A lindwurm (D)
  2 necromancers (D)
  A deep elf zephyrmancer (D)
  A harpy (shapeshifter) (D)
  7 harpies (D)
  An ugly thing (D)
  An orc sorcerer (D)
  4 orc knights (D)
  A black mamba (D)
  A rust devil (D)
  Joseph (D)
  A cane toad (D)
  A rime drake (D)
  A kobold demonologist (D)
  5 yaktaurs (D)
  A guardian mummy (D)
  An ice devil (D)
  A polar bear (D)
  3 merfolk (D)
  A troll (D)
  12 dream sheep (D)
  A snapping turtle (D)
  A wraith (D)
  A flying skull (D)
  An air elemental (D)
  2 shadows (D)
  A water elemental (D)
  A fire elemental (D)
  A steam dragon (D)
  2 ynoxinuls (D)
  A fire bat (D)
  A basilisk (shapeshifter) (D)
  5 redbacks (D)
  3 vampire mosquitoes (D)
  An acid dragon (D)
  A nameless horror (D)
  2 orc warriors (D)
  A black bear (D)
  An ogre (D)
  A centaur (D)
  3 kobold brigands (D)
  A necrophage (D)
  A gnoll sergeant (D)
  3 killer bees (D)
  A jelly (D)
  Crazy Yiuf (D)
  4 orc priests (D)
  An iron imp (D)
  2 iguanas (D)
  An orc wizard (D)
  A hell rat (D)
  3 small abominations (D)
  10 gnolls (D)
  An adder (D)
  2 adder zombies (D)
  8 orcs (D)
  A bat (D)
  A bat skeleton (D)
  A giant cockroach (D)
  A quokka (D)
  A giant cockroach zombie (D)
  A jackal simulacrum (D)
  3 kobolds (D)
247 creatures vanquished.

Vanquished Creatures (others)
  A pandemonium lord (D)
  A Killer Klown (D)
  A hellephant (D)
  12 Orb Guardians (D)
  A Brimstone Fiend (D)
  2 deep elf master archers (D)
  A death cob (D)
  A sphinx (D)
  A shadow dragon (D)
  A fire giant (D)
  2 rockslimes (D)
  Ilsuiw (D)
  An iron dragon (D)
  2 draconian knights (D)
  Louise (D)
  A frost giant (D)
  An emperor scorpion (D)
  2 orc warlords (D)
  A war gargoyle (D)
  A white draconian (D)
  A blizzard demon (D)
  A deep elf high priest (D)
  An ice dragon (D)
  Erolcha (D)
  2 yaktaur captains (D)
  2 rakshasas (D)
  A vault guard (D)
  A death yak (D)
  A vampire mage (D)
  6 hell knights (D)
  A deep elf knight (D)
  A sixfirhy (D)
  A flayed ghost (D)
  5 orc knights (D)
  A wolf spider (D)
  A deep elf zephyrmancer (D)
  An ugly thing (D)
  A guardian serpent (D)
  An elephant (D)
  3 yaktaurs (D)
  A troll (D)
  A wind drake (D)
  A merfolk (D)
  A tyrant leech (D)
  A dream sheep (D)
  A jumping spider (D)
  A basilisk (D)
  A water elemental (D)
  A steam dragon (D)
  A large abomination (D)
  A killer bee (D)
  A gnoll bouda (D)
  Terence (D)
  A jackal (D)
  6 snaplasher vines (D)
88 creatures vanquished.

Grand Total: 396 creatures vanquished

Notes
Turn   | Place    | Note
-------+----------+-------------------------------------------
     0 | D        | jt the Felid Summoner began the quest for the Orb.
     0 | D        | Reached XP level 1. HP: 7/7 MP: 4/4
   148 | D        | Found a glowing golden altar of the Shining One.
   148 | D        | Found a glowing silver altar of Zin.
   148 | D        | Found a basalt altar of Yredelemnul.
   148 | D        | Found a shimmering altar of Xom.
   148 | D        | Found an ornate altar of the Wu Jian Council.
   148 | D        | Found a bloodstained altar of Trog.
   148 | D        | Found a shimmering blue altar of Sif Muna.
   148 | D        | Found a sacrificial altar of Ru.
   148 | D        | Found a stormy altar of Qazlal.
   148 | D        | Found an iron altar of Okawaru.
   148 | D        | Found a sparkling altar of Nemelex Xobeh.
   148 | D        | Found a burning altar of Makhleb.
   148 | D        | Found a viscous altar of Jiyva.
   148 | D        | Found a hazy altar of Hepliaklqana.
   148 | D        | Found an opulent altar of Gozag.
   148 | D        | Found a blossoming altar of Fedhas.
   148 | D        | Found a white marble altar of Elyvilon.
   148 | D        | Found a shadowy altar of Dithmenos.
   148 | D        | Found a snail-covered altar of Cheibriados.
   149 | D        | Found a radiant altar of Vehumet.
   149 | D        | Found a corrupted altar of Lugonu.
   150 | D        | Found a hide-covered altar of Uskayaw.
   150 | D        | Found an ancient bone altar of Kikubaaqudgha.
   150 | D        | Found a broken altar of Ashenzari.
   153 | D        | Became a worshipper of Gozag Ym Sagoz the Greedy
   179 | D        | Reached skill level 3 in Spellcasting
   179 | D        | Reached skill level 5 in Summonings
   179 | D        | Reached XP level 2. HP: 3/11 MP: 2/7
   187 | D        | Learned a level 2 spell: Call Imp
   237 | D        | Reached skill level 1 in Fighting
   267 | D        | Noticed a flying skull
   276 | D        | Killed a flying skull
   277 | D        | Reached skill level 7 in Spellcasting
   277 | D        | Reached XP level 3. HP: 15/16 MP: 6/12
   277 | D        | Reached XP level 4. HP: 18/19 MP: 7/14
   277 | D        | Reached XP level 5. HP: 21/22 MP: 7/15
   373 | D        | Learned a level 3 spell: Call Canine Familiar
   377 | D        | Learned a level 3 spell: Summon Guardian Golem
   382 | D        | Learned a level 4 spell: Summon Lightning Spire
   394 | D        | Noticed a black bear
   398 | D        | Noticed a centaur
   414 | D        | Killed a black bear
   415 | D        | Reached skill level 8 in Spellcasting
   415 | D        | Gained mutation: You are covered in thick fur. (AC +2)
                  | [Felid growth]
   415 | D        | Reached XP level 6. HP: 12/26 MP: 9/18
   423 | D        | Reached skill level 1 in Air Magic
   468 | D        | Reached skill level 10 in Summonings
   485 | D        | Reached skill level 9 in Spellcasting
   556 | D        | Reached XP level 7. HP: 30/30 MP: 12/20
   687 | D        | Noticed a deep elf zephyrmancer
   687 | D        | Noticed a jumping spider
   750 | D        | Killed from afar by a deep elf zephyrmancer
   751 | D        | Reached XP level 6. HP: -4/26 MP: 12/19
   759 | D        | Killed a deep elf zephyrmancer
   760 | D        | Reached skill level 5 in Dodging
   760 | D        | Reached skill level 10 in Spellcasting
   760 | D        | Reached skill level 5 in Air Magic
   760 | D        | Reached XP level 7. HP: 31/31 MP: 14/21
   764 | D        | Mangled by a jumping spider
   765 | D        | Reached XP level 6. HP: -12/28 MP: 14/20
   788 | D        | Killed a jumping spider
   789 | D        | Reached XP level 7. HP: 15/33 MP: 16/21
   991 | D        | Noticed a ynoxinul
  1000 | D        | Killed a ynoxinul
  1099 | D        | Noticed a vampire mosquito
  1099 | D        | Noticed a vampire mosquito
  1099 | D        | Noticed a vampire mosquito
  1100 | D        | Noticed a snapping turtle
  1107 | D        | Killed a vampire mosquito
  1108 | D        | Reached skill level 5 in Fighting
  1109 | D        | Noticed a dream sheep
  1111 | D        | Killed a vampire mosquito
  1114 | D        | Killed a dream sheep
  1115 | D        | Reached skill level 11 in Spellcasting
  1115 | D        | Reached XP level 8. HP: 38/38 MP: 13/24
  1115 | D        | Noticed a dream sheep
  1115 | D        | Noticed a dream sheep
  1122 | D        | Noticed a dream sheep
  1128 | D        | Noticed a dream sheep
  1128 | D        | Noticed a dream sheep
  1134 | D        | Killed a dream sheep
  1138 | D        | Killed a dream sheep
  1146 | D        | Noticed a dream sheep
  1152 | D        | Killed a dream sheep
  1160 | D        | Killed a dream sheep
  1161 | D        | Reached XP level 9. HP: 38/43 MP: 1/25
  1287 | D        | Bought a wand of roots (5) for 168 gold pieces
  1287 | D        | Bought a wand of flame (8) for 78 gold pieces
  1306 | D        | Reached skill level 1 in Evocations
  1342 | D        | Bought a potion of lignification for 33 gold pieces
  1342 | D        | Bought a potion of curing for 33 gold pieces
  1342 | D        | Bought a scroll of magic mapping for 82 gold pieces
  1387 | D        | Noticed a two-headed ogre
  1394 | D        | Noticed a kobold demonologist
  1396 | D        | Reached skill level 10 in Dodging
  1396 | D        | Killed a two-headed ogre
  1397 | D        | Reached skill level 12 in Spellcasting
  1406 | D        | Killed a kobold demonologist
  1618 | D        | Reached XP level 10. HP: 40/49 MP: 19/27
  1636 | D        | Noticed a flayed ghost
  1645 | D        | Killed a flayed ghost
  1646 | D        | Reached skill level 5 in Evocations
  1707 | D        | Noticed a guardian serpent
  1731 | D        | Killed a guardian serpent
  1800 | D        | Got the ring of Daumpyen {rElec rC+ Int+6 Dex-4}
  1898 | D        | Bought a book of Maledictions for 286 gold pieces
  1904 | D        | Learned a level 4 spell: Anguish
  1905 | D        | Bought Great Wizards, Vol. II for 418 gold pieces
  1920 | D        | Noticed Terence
  1920 | D        | Noticed Joseph
  1921 | D        | Noticed Erolcha
  1921 | D        | Noticed a sea snake
  1922 | D        | Noticed a sixfirhy
  1923 | D        | Noticed Crazy Yiuf
  1927 | D        | Killed Terence
  1938 | D        | Killed a sixfirhy
  1939 | D        | Reached skill level 1 in Necromancy
  2030 | D        | Killed Erolcha
  2031 | D        | Reached skill level 13 in Spellcasting
  2031 | D        | Reached skill level 5 in Hexes
  2031 | D        | Reached skill level 10 in Air Magic
  2093 | D        | Learned a level 5 spell: Borgnjor's Vile Clutch
  2102 | D        | Killed Joseph
  2103 | D        | Reached skill level 1 in Earth Magic
  2130 | D        | Killed Crazy Yiuf
  2222 | D        | Killed a sea snake
  2223 | D        | Reached XP level 11. HP: 50/54 MP: 3/29
  2530 | D        | Learned a level 2 spell: Blink
  2657 | D        | Noticed a ghost moth
  2687 | D        | Killed a ghost moth
  2688 | D        | Reached skill level 5 in Necromancy
  2793 | D        | Noticed a phantasmal warrior
  2805 | D        | Killed a phantasmal warrior
  2994 | D        | Noticed a dire elephant
  3014 | D        | Reached skill level 1 in Unarmed Combat
  3015 | D        | Killed a dire elephant
  3016 | D        | Reached skill level 14 in Spellcasting
  3016 | D        | Reached skill level 10 in Hexes
  3016 | D        | Reached skill level 5 in Earth Magic
  3147 | D        | Noticed a two-headed ogre
  3147 | D        | Noticed a rakshasa
  3153 | D        | Killed a two-headed ogre
  3168 | D        | Killed a rakshasa
  3322 | D        | Noticed a death yak
  3322 | D        | Noticed a death yak
  3322 | D        | Noticed a death yak
  3322 | D        | Noticed a death yak
  3322 | D        | Noticed an orc knight
  3322 | D        | Noticed an orc knight
  3323 | D        | Noticed a death yak
  3324 | D        | Noticed an orc knight
  3324 | D        | Noticed an orc warlord
  3324 | D        | Noticed a death yak
  3331 | D        | Killed a death yak
  3334 | D        | Killed a death yak
  3334 | D        | Noticed an orc warlord
  3336 | D        | Noticed an orc warlord
  3337 | D        | Killed a death yak
  3338 | D        | Reached skill level 5 in Unarmed Combat
  3341 | D        | Noticed an orc knight
  3419 | D        | Killed an orc knight
  3420 | D        | Reached skill level 1 in Translocations
  3504 | D        | Killed an orc warlord
  3505 | D        | Gained mutation: Your thick and shaggy fur keeps you warm.
                  | (AC +3, rC+) [Felid growth]
  3505 | D        | Reached XP level 12. HP: 58/58 MP: 0/31
  3758 | D        | Bought a scroll of fog for 64 gold pieces
  3799 | D        | Killed an orc warlord
  3900 | D        | Reached skill level 5 in Translocations
  3931 | D        | Killed a death yak
  3932 | D        | Reached skill level 15 in Spellcasting
  3936 | D        | Killed a death yak
  3937 | D        | Killed a death yak
  4123 | D        | Noticed a rakshasa
  4140 | D        | Killed a rakshasa
  4294 | D        | Reached skill level 10 in Necromancy
  4557 | D        | Noticed a deep elf blademaster
  4559 | D        | Noticed a red draconian
  4560 | D        | Noticed a spriggan defender
  4561 | D        | Reached skill level 15 in Hexes
  4564 | D        | Killed a spriggan defender
  4564 | D        | Noticed a yaktaur captain
  4566 | D        | Noticed a naga warrior
  4585 | D        | Killed a deep elf blademaster
  4588 | D        | Killed a yaktaur captain
  4596 | D        | Killed a red draconian
  4597 | D        | Reached skill level 16 in Spellcasting
  4597 | D        | Reached XP level 13. HP: 25/61 MP: 3/34
  4598 | D        | Reached skill level 10 in Earth Magic
  4968 | D        | Learned a level 7 spell: Enfeeble
  5282 | D        | Noticed a war gargoyle
  5298 | D        | Reached skill level 10 in Unarmed Combat
  5302 | D        | Killed a war gargoyle
  5457 | D        | Found the +4 skin of Zhor {*Englaciate rC+++ SInv}
  5576 | D        | Bought Great Wizards, Vol. VII for 330 gold pieces
  5583 | D        | Learned a level 5 spell: Yara's Violent Unravelling
  5588 | D        | Learned a level 4 spell: Passage of Golubria
  5590 | D        | Bought a book of Beasts for 532 gold pieces
  5590 | D        | Bought an Inescapable Atlas for 448 gold pieces
  5609 | D        | Learned a level 5 spell: Summon Mana Viper
  5665 | D        | Noticed a black draconian knight
  5665 | D        | Noticed a deep elf sorcerer
  5665 | D        | Noticed an emperor scorpion
  5674 | D        | Killed a black draconian knight
  5685 | D        | Killed a deep elf sorcerer
  5694 | D        | Killed an emperor scorpion
  5810 | D        | Noticed a death cob
  5815 | D        | Killed a death cob
  5817 | D        | Reached skill level 17 in Spellcasting
  6076 | D        | Noticed a death cob
  6083 | D        | Killed a death cob
  6103 | D        | Reached skill level 15 in Summonings
  6455 | D        | Noticed Gastronok
  6472 | D        | Killed Gastronok
  6669 | D        | Noticed a deep elf annihilator
  6678 | D        | Killed a deep elf annihilator
  6679 | D        | Reached skill level 10 in Fighting
  6679 | D        | Reached skill level 18 in Spellcasting
  6679 | D        | Reached XP level 14. HP: 66/66 MP: 23/37
  6693 | D        | Noticed a green draconian monk
  6704 | D        | Killed a green draconian monk
  6818 | D        | Noticed a sphinx
  6818 | D        | Noticed a lich
  6832 | D        | Killed a lich
  6832 | D        | Killed a sphinx
  7025 | D        | Noticed a nagaraja
  7035 | D        | Killed a nagaraja
  7112 | D        | Learned a level 7 spell: Monstrous Menagerie
  7139 | D        | Noticed a white draconian stormcaller
  7151 | D        | Killed a white draconian stormcaller
  7359 | D        | Noticed an apis
  7370 | D        | Killed an apis
  7611 | D        | Reached skill level 15 in Dodging
  7790 | D        | Noticed Frances
  7802 | D        | Killed Frances
  8061 | D        | Got the Vellum of Feathery Poisoning
  8063 | D        | Got Borgnjor's Quarto of Evil
  8098 | D        | Got the Catalogue of the Turtledove
  8100 | D        | Noticed an iron dragon
  8128 | D        | Killed an iron dragon
  8129 | D        | Reached skill level 1 in Transmutations
  8252 | D        | Got the Encyclopedia of Necrotic Firn
  8260 | D        | Got the ring of Xoets {rElec rC+}
  8262 | D        | Got the ring "Nolidgh" {Contam rC+ rN+ Slay+3}
  8266 | D        | Got the ring "Acriaq" {Fire Str+2}
  8270 | D        | Got the ring of Oruwn {rPois rF+ Will- Dex+8 SInv}
  8272 | D        | Got the ring "Moefuom Iniv" {Fire Str+3 Int+2}
  8274 | D        | Got the ring "Burchad" {Ice *Corrode Fly Will++ MP+9}
  8276 | D        | Got the ring "Qanouw" {Str+6 SInv Stlth+}
  8278 | D        | Got the ring of the Middle {rPois SInv}
  8280 | D        | Got the ring "Etaenlag" {Dex+4 SInv}
  8282 | D        | Got the ring of Mutualism {Ice Int+4}
  8284 | D        | Got the ring of Ennioqo {rElec Will+ Str+6 Dex+4 Stlth-}
  8313 | D        | Got the ring "Uffy" {rPois rF++ rN+ Will- Dex-4}
  8315 | D        | Got the ring of Moral Flaws {Will- Int-5 Dex+9 Slay+5}
  8317 | D        | Got the amulet "Dublair" {Faith rF++}
  8319 | D        | Got the ring "Kiplis" {rPois rC+ Str-3 Dex+4 Slay+5}
  8321 | D        | Got the ring of Arrival {Will- Int+2 Slay+4 SInv Stlth+}
  8323 | D        | Got the amulet "Inobes" {Reflect rElec Int-4 Dex+3 SH+5}
  8325 | D        | Got the ring "Gaurphil" {Fire Str+2 Stlth+}
  8327 | D        | Got the amulet "Wifom" {Faith rElec Dex+7}
  8329 | D        | Got the ring "Marpher" {rCorr Str+2 Int-3 Slay+5}
  8331 | D        | Got the amulet of Crawling {Reflect Rampage Dex+3 SH+5}
  8333 | D        | Got the amulet "Eloup Lio" {Reflect Harm rElec Slay+2 SH+5}
  8335 | D        | Got the amulet of Omyax {Faith Will++ Dex+4}
  8337 | D        | Got the ring of Free Will {rN++ Slay+5}
  8515 | D        | Reached skill level 19 in Spellcasting
  9091 | D        | Noticed a fire giant
  9101 | D        | Killed a fire giant
  9102 | D        | Reached skill level 5 in Transmutations
  9196 | D        | Noticed a ghost moth
  9198 | D        | Noticed Ilsuiw
  9206 | D        | Noticed a deep elf sorcerer
  9210 | D        | Noticed a frost giant
  9212 | D        | Noticed a ghoul
  9213 | D        | Noticed a spriggan defender
  9214 | D        | Noticed a ghoul
  9215 | D        | Killed Ilsuiw
  9218 | D        | Killed a deep elf sorcerer
  9218 | D        | Killed a frost giant
  9219 | D        | Noticed a shadow dragon
  9226 | D        | Reached skill level 5 in Stealth
  9415 | D        | Killed a ghoul
  9416 | D        | Reached XP level 15. HP: 57/75 MP: 11/39
  9722 | D        | Reached skill level 20 in Spellcasting
  9925 | D        | Paralysed by an air elemental for 1 turns
 10207 | D        | Noticed a red draconian scorcher
 10287 | D        | Killed a shadow dragon
 10358 | D        | Noticed a fire giant
 10366 | D        | Killed a fire giant
 10367 | D        | Reached skill level 10 in Stealth
 10487 | D        | Reached skill level 10 in Transmutations
 10666 | D        | Learned a level 5 spell: Summon Forest
 10700 | D        | Reached skill level 15 in Fighting
 10819 | D        | Noticed a fire giant
 10819 | D        | Noticed a frost giant
 10872 | D        | Killed a fire giant
 10997 | D        | Killed a frost giant
 11149 | D        | Noticed a golden dragon
 11152 | D        | Noticed a deep elf sorcerer
 11158 | D        | Noticed a daeva
 11165 | D        | Killed a golden dragon
 11169 | D        | Killed a deep elf sorcerer
 11170 | D        | Bought a scroll of vulnerability for 56 gold pieces
 11170 | D        | Bought a scroll of amnesia for 56 gold pieces
 11170 | D        | Bought a scroll of silence for 133 gold pieces
 11170 | D        | Bought a scroll of amnesia for 56 gold pieces
 11170 | D        | Bought a scroll of vulnerability for 56 gold pieces
 11170 | D        | Bought a scroll of summoning for 133 gold pieces
 11352 | D        | Killed a daeva
 11356 | D        | Reached skill level 21 in Spellcasting
 11624 | D        | Bought a potion of mutation for 136 gold pieces
 11624 | D        | Bought a potion of resistance for 170 gold pieces
 11624 | D        | Bought a potion of curing for 51 gold pieces
 11624 | D        | Bought a potion of magic for 136 gold pieces
 11624 | D        | Bought a potion of haste for 170 gold pieces
 11624 | D        | Bought a potion of mutation for 136 gold pieces
 11624 | D        | Bought a potion of haste for 170 gold pieces
 11624 | D        | Bought a potion of degeneration for 17 gold pieces
 11684 | D        | Noticed a sphinx
 11702 | D        | Killed a sphinx
 11847 | D        | Noticed an ancient lich
 11856 | D        | Noticed a pearl dragon
 11857 | D        | Noticed a tentacled monstrosity
 11866 | D        | Killed a pearl dragon
 11872 | D        | Bought a potion of heal wounds for 70 gold pieces
 11872 | D        | Bought a potion of magic for 112 gold pieces
 11872 | D        | Bought a potion of mutation for 112 gold pieces
 11872 | D        | Bought a potion of brilliance for 56 gold pieces
 11872 | D        | Bought a potion of curing for 42 gold pieces
 11872 | D        | Bought a potion of curing for 42 gold pieces
 11872 | D        | Bought a potion of attraction for 42 gold pieces
 11879 | D        | Killed a tentacled monstrosity
 11884 | D        | Killed an ancient lich
 11885 | D        | Reached skill level 15 in Stealth
 12064 | D        | Noticed a bone dragon
 12064 | D        | Noticed a titan
 12065 | D        | Noticed a storm dragon
 12066 | D        | Noticed a deep elf master archer
 12066 | D        | Noticed Xtahua
 12068 | D        | Killed a deep elf master archer
 12071 | D        | Noticed a deep elf master archer
 12078 | D        | Reached XP level 16. HP: 72/84 MP: 2/42
 12546 | D        | Reached skill level 22 in Spellcasting
 12575 | D        | Killed a deep elf master archer
 12733 | D        | Killed Xtahua
 12734 | D        | Reached skill level 15 in Transmutations
 13038 | D        | Learned a level 7 spell: Storm Form
 13099 | D        | Bought a wand of roots (7) for 184 gold pieces
 13099 | D        | Bought a potion of flight for 33 gold pieces
 13126 | D        | Killed a storm dragon
 13152 | D        | Noticed a shadow dragon
 13167 | D        | Killed a shadow dragon
 13201 | D        | Killed a titan
 13524 | D        | Noticed a tentacled monstrosity
 13528 | D        | Reached skill level 23 in Spellcasting
 13528 | D        | Noticed Hawki the pandemonium lord
 13770 | D        | Killed a tentacled monstrosity
 13787 | D        | Killed Hawki the pandemonium lord
 14054 | D        | Got the ring of Ru's Regard {rPois rC+ Will++}
 14066 | D        | Got the ring "Hesenefa" {rF+ rC+ rN+}
 14068 | D        | Got the ring of the Suburbs {rC+ MP+9}
 14071 | D        | Got the amulet "Okyof" {Spirit Harm Int+3 Dex+3}
 14074 | D        | Got the ring of Dahis {rN+ EV+4}
 14077 | D        | Got the ring of Gluttony {Ice Int-3 Dex+6}
 14080 | D        | Got the ring of Pestew {MP+9 Str+7 Int+2 Dex-2}
 14083 | D        | Got the amulet of Odompaot {Spirit Dex+4}
 14124 | D        | Found the +7 mace of Variability {chain chaos}
 14193 | D        | Noticed a deep elf master archer
 14193 | D        | Noticed Louise
 14193 | D        | Noticed a Hell Sentinel
 14195 | D        | Noticed a storm dragon
 14195 | D        | Killed Louise
 14197 | D        | Killed a storm dragon
 14207 | D        | Noticed an Orb Guardian
 14207 | D        | Noticed an Orb Guardian
 14207 | D        | Noticed an Orb Guardian
 14207 | D        | Noticed an Orb Guardian
 14208 | D        | Noticed a deep elf master archer
 14209 | D        | Noticed an Orb Guardian
 14209 | D        | Noticed a shadow dragon
 14211 | D        | Noticed Nump the pandemonium lord
 14212 | D        | Noticed Jory
 14212 | D        | Noticed an Orb Guardian
 14212 | D        | Killed a shadow dragon
 14213 | D        | Noticed an Orb Guardian
 14215 | D        | Killed an Orb Guardian
 14219 | D        | Killed an Orb Guardian
 14219 | D        | Killed an Orb Guardian
 14220 | D        | Killed a hellephant
 14222 | D        | Killed a deep elf master archer
 14228 | D        | Killed an Orb Guardian
 14230 | D        | Killed an Orb Guardian
 14230 | D        | Killed a Hell Sentinel
 14232 | D        | Killed Jory
 14237 | D        | Killed a deep elf master archer
 14279 | D        | Noticed an Orb Guardian
 14279 | D        | Noticed an Orb Guardian
 14279 | D        | Noticed an Orb Guardian
 14282 | D        | Killed an Orb Guardian
 14285 | D        | Noticed a quicksilver dragon
 14285 | D        | Noticed an ancient lich
 14286 | D        | Killed an Orb Guardian
 14287 | D        | Reached skill level 24 in Spellcasting
 14287 | D        | Noticed an orb of fire
 14288 | D        | Killed an Orb Guardian
 14290 | D        | Noticed a sphinx
 14290 | D        | Killed a quicksilver dragon
 14290 | D        | Noticed a titan
 14290 | D        | Noticed a titan
 14291 | D        | Noticed Qorye the pandemonium lord
 14293 | D        | Noticed a Hell Sentinel
 14293 | D        | Killed an Executioner
 14293 | D        | Noticed an Orb Guardian
 14294 | D        | Killed an Orb Guardian
 14294 | D        | Killed an Orb Guardian
 14296 | D        | Killed a titan
 14297 | D        | Killed a Hell Sentinel
 14297 | D        | Your ally Nump died
 14298 | D        | Killed a titan
 14301 | D        | Your ally Qorye died
 14302 | D        | Noticed an Orb Guardian
 14302 | D        | Killed an ancient lich
 14305 | D        | Reached XP level 17. HP: 96/96 MP: 13/46
 14307 | D        | Killed an Orb Guardian
 14419 | D        | Learned a level 4 spell: Manifold Assault
 14479 | D        | Noticed an electric golem
 14479 | D        | Noticed an Orb Guardian
 14481 | D        | Noticed an Orb Guardian
 14481 | D        | Noticed a Killer Klown
 14481 | D        | Noticed an Orb Guardian
 14481 | D        | Noticed an Orb Guardian
 14482 | D        | Noticed an Orb Guardian
 14482 | D        | Noticed an Orb Guardian
 14482 | D        | Killed an Orb Guardian
 14482 | D        | Killed an Orb Guardian
 14483 | D        | Noticed an Orb Guardian
 14483 | D        | Killed an Orb Guardian
 14484 | D        | Noticed a pearl dragon
 14484 | D        | Noticed an Orb Guardian
 14484 | D        | Noticed an Orb Guardian
 14484 | D        | Noticed a pearl dragon
 14485 | D        | Killed an Orb Guardian
 14485 | D        | Killed a pearl dragon
 14485 | D        | Noticed Ytatz the pandemonium lord
 14487 | D        | Killed a pearl dragon
 14487 | D        | Noticed an Orb Guardian
 14487 | D        | Killed an Orb Guardian
 14488 | D        | Reached skill level 25 in Spellcasting
 14489 | D        | Noticed an orb of fire
 14490 | D        | Noticed a Brimstone Fiend
 14490 | D        | Noticed Frederick
 14490 | D        | Noticed an Ice Fiend
 14491 | D        | Killed a titan
 14491 | D        | Killed an Orb Guardian
 14492 | D        | Killed an electric golem
 14498 | D        | Killed Depumorgh the pandemonium lord
 14502 | D        | Noticed a royal mummy
 14502 | D        | Noticed an Orb Guardian
 14537 | D        | Got the Orb of Zot
 14620 | D        | Escaped with the Orb!

Illustrated notes

Levels and vault maps discovered:
D:        pitsprint [storerooms_1, entrance_room_1, metal_vault_1, armoury_1,
          mini_pit_1, grid_room_1, main_hall_1, silver_pit, the_coven_3,
          the_vestibule_1, steel_vault_1, golden_pit, hallway_of_sentries,
          crystal_vault_4, iron_vault_4, final_vault]

Skill      XL: |  1  2  3  4  5  6  7  8  9 10 11 12 13 14 15 16 17 |
---------------+----------------------------------------------------+-----
Spellcasting   | 3 7 8 10 11 12 13 14 16 18 19 21 24 25 | 25.5
Summonings     | 5 8 9 11 12 13 14 15 17 | 17.5
Fighting       | 2 4 5 7 8 9 10 13 17 21 22 | 22.9
Hexes          | 4 7 12 15 19 | 19.1
Air Magic      | 6 7 9 10 | 10.1
Dodging        | 5 7 9 11 12 17 22 24 | 24.1
Evocations     | 4 5 |  5.0
Necromancy     | 4 8 11 12 | 12.8
Earth Magic    | 2 7 9 11 | 11.5
Unarmed Combat | 5 9 13 14 | 14.9
Translocations | 3 5 |  5.0
Transmutations | 7 14 20 21 | 21.9
Stealth        | 6 16 18 | 18.0

Action                   |  1- 3 |  4- 6 |  7- 9 | 10-12 | 13-15 | 16-18 || total
-------------------------+-------+-------+-------+-------+-------+-------++-------
Melee: Unarmed           |    11 |    12 |    29 |    21 |    50 |    44 ||   167
       Bite              |     1 |       |     5 |     3 |     7 |     2 ||    18
       Punch             |       |       |       |       |     8 |     6 ||    14
 Cast: Summon Small Mamm |    18 |     4 |     8 |    15 |     4 |       ||    49
       Call Imp          |     1 |     9 |     9 |    15 |     4 |       ||    38
       Call Canine Famil |       |    10 |     8 |    36 |    18 |       ||    72
       Summon Guardian G |       |     2 |    11 |    29 |    11 |     1 ||    54
       Summon Lightning  |       |       |    13 |    33 |    34 |     3 ||    83
       Anguish           |       |       |       |    29 |    32 |     4 ||    65
       Borgnjor's Vile C |       |       |       |    12 |    33 |    14 ||    59
       Blink             |       |       |       |     1 |     1 |       ||     2
       Summon Mana Viper |       |       |       |       |    41 |     5 ||    46
       Yara's Violent Un |       |       |       |       |     5 |       ||     5
       Passage of Golubr |       |       |       |       |     3 |       ||     3
       Monstrous Menager |       |       |       |       |    74 |    34 ||   108
       Enfeeble          |       |       |       |       |    21 |     4 ||    25
       Summon Forest     |       |       |       |       |     9 |     8 ||    17
       Storm Form        |       |       |       |       |       |     9 ||     9
       Manifold Assault  |       |       |       |       |       |     1 ||     1
Invok: Call Merchant     |       |       |     3 |     2 |     4 |     1 ||    10
       Bribe Branch      |       |       |       |       |       |     4 ||     4
 Abil: Blinkbolt         |       |       |       |       |       |     2 ||     2
Evoke: Wand              |       |       |       |    11 |     3 |     5 ||    19
  Use: Potion            |     2 |     1 |       |     8 |     9 |     8 ||    28
       Scroll            |     1 |       |     2 |     2 |     3 |       ||     8
 Stab: Invisible         |     3 |     1 |       |     1 |     2 |     1 ||     8
       Sleeping          |       |     2 |     2 |       |       |       ||     4
       Distracted        |       |       |       |       |       |     3 ||     3
Armor: Skin              |     1 |       |     5 |     4 |     3 |     5 ||    18
Dodge: Dodged            |     7 |    40 |    30 |    67 |   117 |    65 ||   326

Table legend: (Time is in decaauts) A = Elapsed time spent in this place. B = Non-inter-level travel time spent in this place. C = Inter-level travel time spent in this place. D = Time resting spent in this place. E = Time spent auto-exploring this place. F = Levels seen in this place. G = Mean time per level. A B C D E F G +--------+--------+--------+--------+--------+-----+--------+ Total | 13722 | 13452 | 270 | 7860 | 0 | 1 | 13722.0 | Dungeon | 13722 | 13452 | 270 | 7860 | 0 | 1 | 13722.0 | +--------+--------+--------+--------+--------+-----+--------+

Top non-repeatable levels by time:
       D: 13722 daAuts
